 Dungeon Crawl Stone Soup version 0.22-a0-322-g60b3cfd (webtiles) character file.

33 Kairos the Shield-Bearer (level 3, 29/29 HPs)
             Began as a Formicid Fighter on Apr 5, 2018.
             Got out of the dungeon alive.
             The game lasted 00:00:42 (601 turns).

Kairos the Shield-Bearer (Formicid Fighter)          Turns: 601, Time: 00:00:43

Health: 29/29      AC:  7    Str: 20    XL:     3   Next: 47%
Magic:  3/3        EV:  8    Int:  7    God:
Gold:   28         SH:  9    Dex: 11    Spells: 2/2 levels left

rFire    . . .     SeeInvis +   a - +0 quarterstaff
rCold    . . .     Gourm    .   c - +0 shield
rNeg     . . .     Faith    .   b - +0 scale mail
rPois    .         Spirit   .   (helmet unavailable)
rElec    .         Reflect  .   (no cloak)
rCorr    .         Harm     .   (no gloves)
MR       .....                  (no boots)
Stlth    ..........             (no amulet)
HPRegen  0.09/turn              (no ring)
MPRegen  0.08/turn              (no ring)

@: no status effects
A: permanent stasis, dig shafts and tunnels, four strong arms, antennae 3
a: Dig, Shaft Self


You escaped.
You were not hungry.

You visited 1 branch of the dungeon, and saw 1 of its levels.

You collected 28 gold pieces.

Inventory:

Hand Weapons
 a - a +0 quarterstaff (weapon)
Armour
 b - a +0 scale mail (worn)
 c - a +0 shield (worn)
Scrolls
 g - a scroll of remove curse {unknown}
 h - a scroll of enchant weapon {unknown}
Potions
 d - 2 potions of might
 e - 2 potions of curing {unknown}
Comestibles
 f - 2 rations


   Skills:
 + Level 3.6 Fighting
 + Level 2.4 Staves
 + Level 3.7 Armour
 + Level 0.1 Dodging
 + Level 4.1 Shields


You had 2 spell levels left.
You didn't know any spells.

Dungeon Overview and Level Annotations

Branches:
Dungeon (1/15)

Altars:


Innate Abilities, Weirdness & Mutations

You cannot be hasted, slowed, berserked, paralysed or teleported.
You can dig through walls and to a lower floor.
Your four strong arms can wield two-handed weapons with a shield.
You have a pair of large antennae on your head. (SInv)


Message History

Things that are here:
a club; a hobgoblin corpse You see here a jackal skeleton.
You see here a jackal skeleton.
Done exploring.
Done exploring.
No target in view!
Done exploring.
Done exploring.
You see here a jackal skeleton.
You see here a rat skeleton.
Items here: )) ÷÷ a club x2; a hobgoblin skeleton; a bat skeleton
Things that are here:
a short sword; 3 stones; a kobold skeleton You see here a hunting sling.
There is an open door here.
There is a staircase leading out of the dungeon here.
Are you sure you want to leave the Dungeon?
This will make you lose the game!
You have escaped!

##.# #.#####...... #.#
###'#####†##### #.##
#...........# #..#
#...........# ##.#
#...........#
#.###########...........#
#.#.........#############
#.#...###...#
#.'...#.#.@.#
###...###...# #.........#
###########


There were no monsters in sight!

Vanquished Creatures
  An ooze (D:1)
  3 dart slugs (D:1)
  2 giant cockroaches (D:1)
  3 hobgoblins (D:1)
  3 jackals (D:1)
  A ball python (D:1)
  4 bats (D:1)
  2 frilled lizards (D:1)
  2 kobolds (D:1)
  3 rats (D:1)
24 creatures vanquished.

Vanquished Creatures (others)
  A bat (D:1)
1 creature vanquished.

Grand Total: 25 creatures vanquished

Notes
Turn   | Place    | Note
-------+----------+-------------------------------------------
     0 | D:1      | Kairos the Formicid Fighter began the quest for the Orb.
     0 | D:1      | Reached XP level 1. HP: 18/18 MP: 1/1
   148 | D:1      | Reached XP level 2. HP: 22/24 MP: 2/2
   281 | D:1      | Reached skill level 4 in Shields
   295 | D:1      | Reached XP level 3. HP: 23/29 MP: 3/3
   601 | D:$      | Got out of the dungeon alive.

Vault maps used:
D:1:      nicolae_arrival_memento_mori, hangedman_decor_opposing

Skill      XL: |  1  2 |
---------------+-------+-----
Shields        | 4 |  4.1
Fighting       | |  3.6
Staves         | |  2.4
Armour         | |  3.7
Dodging        | |  0.1

Action                   || total
-------------------------++-------
Melee: Quarterstaff      ||    85
Armor: Scale mail        ||    53
Dodge: Dodged            ||    38
Block: Shield            ||    54

Table legend:
 A = Spawn XP
 B = Non-spawn XP
 C = Spawn XP percentage of total XP
 D = Spawn monster count
 E = Non-spawn monster count
 F = Spawn count percentage of total count
 G = Total turns spent on level
                    A         B        C        D         E        F      G
               +---------+---------+-------+---------+---------+-------+---------
         Total |       0 |      48 |   0.0 |       0 |      24 |   0.0 |   601
               +---------+---------+-------+---------+---------+-------+---------
           D:1 |       0 |      48 |   0.0 |       0 |      24 |   0.0 |   601
               +---------+---------+-------+---------+---------+-------+---------
